 Dungeon Crawl Stone Soup version 0.31-a0-640-g39d97e502b (webtiles) character file.

Game seed: 1445835564934053476

47 qw the Shooter (level 3, -3/22 HPs)
             Began as a Gargoyle Hunter on Aug 27, 2023.
             Killed from afar by Ijyb (11 damage)
             ... with a puff of flame
             ... on level 3 of the Dungeon.
             The game lasted 00:00:37 (1290 turns).

qw the Shooter (Gargoyle Hunter)                    Turns: 1290, Time: 00:00:37

Health: -3/22      AC:  8    Str: 14    XL:     3   Next: 70%
Magic:  3/3        EV: 11    Int:  9    God:
Gold:   107        SH:  0    Dex: 15    Spells: 2/2 levels left

rFire   . . .        Y - +2 shortbow (flame)
rCold   . . .        (shield currently unavailable)
rNeg    + . .        c - +0 leather armour
rPois   inf          (no helmet)
rElec   +            b - +0 cloak
rCorr   .            h - +0 pair of gloves
SInv    .            (no boots)
Will    .....        (no amulet)
Stlth   ++           (no ring)
HPRegen 0.23/turn    (no ring)
MPRegen 0.08/turn

%: no passive effects
@: no status effects
A: sickness immunity, AC +3, negative energy resistance 1, electricity
resistance, torment resistance 1, petrification resistance
a: no special abilities


You were on level 3 of the Dungeon.
You visited 1 branch of the dungeon, and saw 3 of its levels.

You collected 107 gold pieces.


Innate Abilities, Weirdness & Mutations

You are immune to sickness and miasma.
Your stone body is resilient. (AC +3)
You are immune to poison.
You resist negative energy. (rN+)
You are resistant to electric shocks. (rElec)
You are resistant to unholy torment.
You are immune to petrification.


   Skills:
 + Level 2.8 Fighting
 - Level 5.0 Ranged Weapons
 - Level 1.5 Dodging
 - Level 1.1 Stealth


You had 2 spell levels left.
You didn't know any spells.
Your spell library was empty.

Inventory:

Hand Weapons
 Y - a +2 shortbow of flaming (weapon)
Armour
 b - a +0 cloak (worn)
 c - a +0 leather armour (worn)
 h - a +0 pair of gloves (worn)
Scrolls
 a - a scroll of vulnerability {unknown}
 e - a scroll of revelation {unknown}
 f - a scroll of noise {unknown}
Potions
 d - a potion of brilliance {unknown}
 k - a potion of mutation {unknown}
 l - a potion of might {unknown}
 n - a potion of haste {unknown}

Dungeon Overview and Level Annotations

Branches:
Dungeon (3/15)

Altars:

Annotations:
D:3 Ijyb


Message History

Ijyb hits you but does no damage. The orc wizard casts a spell at you.
The magic dart hits you.
Ijyb zaps a wand.
The puff of flame hits you.
The orc wizard hits you but does no damage.
You shoot an arrow. The arrow closely misses Ijyb.
The orc wizard closely misses you. Ijyb completely misses you.
Something hits you but does no damage.
You shoot an arrow. The arrow barely misses Ijyb.
Ijyb completely misses you. The orc wizard barely misses you.
Something hits you.
You shoot an arrow. The arrow hits Ijyb.
The arrow burns Ijyb.
Ijyb is moderately wounded.
Ijyb hits you with a +0 dagger.
The orc wizard gestures at you while chanting.
You are confused.
Something hits you but does no damage.
1287 ||| DRINKING potion of curing.
You feel better.
1287 ||| (to cure confusion) Ijyb hits you with a +0 dagger.
The orc wizard hits you but does no damage.
Something hits you but does no damage.
You shoot an arrow. The arrow hits Ijyb.
The arrow burns Ijyb.
Ijyb is severely wounded.
Ijyb screams, "You nasty!
Big nasty!"
Ijyb barely misses you.
The orc wizard gestures wildly while chanting.
The orc wizard flickers and vanishes!
Something hits you but does no damage. Ijyb barely misses you.
Something hits you but does no damage. Something completely misses you.
You shoot an arrow. The arrow hits Ijyb but does no damage.
Ijyb is severely wounded.
Ijyb closely misses you.
You hear some strange, mumbled words.
Something tries to affect you, but you resist.
Something hits you but does no damage.
You shoot an arrow. The arrow hits Ijyb.
The arrow burns Ijyb.
Ijyb is almost dead.
Ijyb zaps a wand.
The puff of flame hits you!
Ouch! That really hurt!
You die...

#.#####.......#
#.............# .###
#.#####..####.#
....#####.#####..####.###
......................>#
#............####.#.#
#........##.####..#.#
#...#######.......#.#
#...@...<#######.##.#
#..{g{......>....##.#
##.#.#####.......##.#
.........g..+..........#
........#####......#####
.######## #......#
#......# #....:.#
##......#


You could see Ijyb.

Vanquished Creatures
  2 adders (D:2)
  A dart slug (D:1)
  A ball python (D:1)
  2 endoplasms
  3 giant cockroaches
  4 hobgoblins
  5 kobolds
  2 quokkas
  2 bats
  A frilled lizard (D:1)
  2 rats (D:1)
25 creatures vanquished.

Notes
Turn   | Place    | Note
-------+----------+-------------------------------------------
     0 | D:1      | qw the Gargoyle Hunter began the quest for the Orb.
     0 | D:1      | Reached XP level 1. HP: 12/12 MP: 1/1
     0 | D:1      | 0 ||| qw: Version: 0.3-a-74-g0d5e918
     0 | D:1      | 0 ||| qw: Game counter: 27
     0 | D:1      | 0 ||| qw: Melee chars always use a shield: true
     0 | D:1      | 0 ||| qw: God list: Okawaru
     0 | D:1      | 0 ||| qw: Allow faded altars: false
     0 | D:1      | 0 ||| qw: Do Orc after clearing Dungeon:15 true
     0 | D:1      | 0 ||| qw: Do second Lair branch before Depths: true
     0 | D:1      | 0 ||| qw: Lair rune preference: random
     0 | D:1      | 0 ||| qw: Goals: Normal
     0 | D:1      | 0 ||| PLANNING D:1-11
    97 | D:1      | Reached XP level 2. HP: 17/17 MP: 2/2
   481 | D:1      | 481 ||| UPGRADING to +0 pair of gloves.
   486 | D:1      | 486 ||| READING scroll labelled GIANIOKLO GOOPRY.
   487 | D:1      | 487 ||| READING 2 scrolls labelled IRHOAR COZUM.
   488 | D:1      | 488 ||| READING scroll of enchant weapon.
   488 | D:1      | 488 ||| ENCHANTING +1 shortbow.
   489 | D:1      | 489 ||| READING scroll labelled ENOLUT NOBENI.
   490 | D:1      | 490 ||| DROPPING scroll of butterflies.
   591 | D:2      | Reached skill level 5 in Ranged Weapons
   591 | D:2      | Reached XP level 3. HP: 21/21 MP: 3/3
   774 | D:2      | Found a faded altar of an unknown god.
   859 | D:2      | 859 ||| UPGRADING to +0 cloak.
   864 | D:2      | 864 ||| READING 3 scrolls labelled MEAKIKUME.
   865 | D:2      | 865 ||| READING scroll labelled YMMIOPROGA.
   869 | D:2      | 869 ||| READING scroll labelled LIALUN CAEGAIDGH.
   870 | D:2      | 870 ||| READING scroll labelled NENKEJ BOIDU.
   871 | D:2      | 871 ||| READING scroll labelled VIELAU VORE.
   872 | D:2      | 872 ||| DRINKING 2 pink potions.
   873 | D:2      | 873 ||| DRINKING 2 lumpy amethyst potions.
   874 | D:2      | 874 ||| DROPPING 2 scrolls of fog.
   875 | D:2      | 875 ||| DROPPING potion of magic.
   894 | D:2      | 894 ||| STAIRDANCE
   898 | D:2      | 898 ||| STAIRDANCE
   902 | D:2      | 902 ||| STAIRDANCE
   906 | D:2      | 906 ||| STAIRDANCE
   910 | D:2      | 910 ||| STAIRDANCE
   914 | D:2      | 914 ||| STAIRDANCE
   918 | D:2      | 918 ||| STAIRDANCE
   922 | D:2      | 922 ||| STAIRDANCE
   926 | D:2      | 926 ||| STAIRDANCE
   930 | D:2      | 930 ||| STAIRDANCE
   934 | D:2      | 934 ||| STAIRDANCE
   938 | D:2      | 938 ||| STAIRDANCE
   942 | D:2      | 942 ||| STAIRDANCE
   946 | D:2      | 946 ||| STAIRDANCE
   950 | D:2      | 950 ||| STAIRDANCE
   954 | D:2      | 954 ||| STAIRDANCE
   958 | D:2      | 958 ||| STAIRDANCE
   962 | D:2      | 962 ||| STAIRDANCE
   966 | D:2      | 966 ||| STAIRDANCE
   970 | D:2      | 970 ||| STAIRDANCE
  1176 | D:3      | 1176 ||| PLANNING SEWER
  1273 | D:3      | Noticed Ijyb
  1275 | D:3      | 1275 ||| Stepping ~*~*~tactically~*~*~ (outnumbered).
  1281 | D:3      | 1281 ||| Stepping ~*~*~tactically~*~*~ (retreating).
  1283 | D:3      | HP: 5/22 [Ijyb/puff of flame (4)]
  1285 | D:3      | HP: 2/22 [something (3)]
  1287 | D:3      | 1287 ||| DRINKING potion of curing.
  1287 | D:3      | 1287 ||| (to cure confusion)
  1290 | D:3      | Killed from afar by Ijyb

Levels and vault maps discovered:
D:1:      ldierk_walled_garden, layout_basic
D:2:      layout_rooms, nicolae_ecumenical_oubliette
D:3:      layout_basic, worldfamousw_hep_ancestral_shrine,
          cheibrodos_sewer_entry_bend, minmay_crystal_room, uniq_robin,
          uniq_ijyb

Skill      XL: |  1  2 |
---------------+-------+-----
Ranged Weapons | 5 |  5.0
Fighting       | |  2.8
Dodging        | |  1.5
Stealth        | |  1.1

Action                     || total
---------------------------++-------
   Fire: Shortbow          ||    76
    Use: Scroll            ||     9
         Potion            ||     3
 Armour: Leather armour    ||    14
  Dodge: Dodged            ||    21

Table legend:
 A = Non-vault XP
 B = Vault XP
 C = Vault XP percentage of total XP
 D = Non-vault monster count
 E = Vault monster count
 F = Vault count percentage of total count
                 A         B        C        D         E       F
            +---------+---------+-------+---------+---------+-------
      Total |      68 |       0 |   0.0 |      25 |       0 |   0.0
            +---------+---------+-------+---------+---------+-------
        D:1 |      24 |       0 |   0.0 |      13 |       0 |   0.0
        D:2 |      39 |       0 |   0.0 |       9 |       0 |   0.0
        D:3 |       5 |       0 |   0.0 |       3 |       0 |   0.0
            +---------+---------+-------+---------+---------+-------
